 Dungeon Crawl Stone Soup version 0.30-a0-715-gdb4ae3ece1 (webtiles) character file.

Game seed: 1612225258097086142

82 mopl the Cudgeller (level 4, -2/44 HPs)
             Began as an Ogre Gladiator on Jan 24, 2023.
             Constricted to death by Terence (6 damage)
             ... on level 2 of the Dungeon.
             The game lasted 00:01:57 (1006 turns).

mopl the Cudgeller (Ogre Gladiator)                 Turns: 1006, Time: 00:01:58

Health: -2/44      AC:  4    Str: 20    XL:     4   Next: 43%
Magic:  4/4        EV:  7    Int:  9    God:
Gold:   60         SH:  0    Dex: 10    Spells: 3/3 levels left

rFire   . . .      SeeInvis .    a - +0 flail
rCold   . . .      Faith    .    (no shield)
rNeg    . . .      Spirit   .    b - +0 robe
rPois   .          Reflect  .    c - +0 hat
rElec   .          Harm     .    f - +0 cloak
rCorr   .          Rampage  .    (gloves unavailable)
Will    .....                    (boots unavailable)
Stlth   +                        m - amulet of the acrobat
HPRegen 0.27/turn                (no ring)
MPRegen 0.09/turn                (no ring)

@: grasped by roots, acrobatic, constricted
A: large, unfitting armour, tough skin 1
a: no special abilities


You were on level 2 of the Dungeon.
You visited 1 branch of the dungeon, and saw 2 of its levels.

You collected 60 gold pieces.

Inventory:

Hand Weapons
 a - a +0 flail (weapon)
Missiles
 d - 3 throwing nets
 e - a large rock
 h - 3 datura-tipped darts
 j - 3 poisoned darts (quivered)
 l - 6 boomerangs
Armour
 b - a +0 robe (worn)
 c - a +0 hat (worn)
 f - a +0 cloak (worn)
Jewellery
 m - an amulet of the acrobat (around neck)
Scrolls
 g - a scroll of noise {unknown}
 i - a scroll of teleportation {unknown}
 k - a scroll of identify {unknown}
 n - a scroll of immolation {unknown}
 o - 2 scrolls of magic mapping {unknown}
 p - a scroll of enchant weapon {unknown}


   Skills:
 - Level 2.6 Fighting
 * Level 4.1 Maces & Flails
 + Level 3.0 Throwing
 - Level 2.6 Dodging


You had 3 spell levels left.
You didn't know any spells.
Your spell library contained the following spells:

 Spells                   Type           Power      Damage    Failure   Level
 Ignite Poison            Fire/Tmut/Pois 0%         N/A       77%         3
 Kindle Blastsparks       Fire/Tloc/Air  0%         2d10      77%         3
 Freezing Cloud           Conj/Ice/Air   0%         6-21      100%        5


Dungeon Overview and Level Annotations

Branches:
Dungeon (2/15)

Altars:

Annotations:
D:2 Terence


Innate Abilities, Weirdness & Mutations

You are too large for most types of armour.
You have tough skin. (AC +1)


Message History

* * * LOW HITPOINT WARNING * * *
The grasping roots release their grip on you.
You closely miss the goblin.
The goblin is severely wounded.
The goblin barely misses you.
Terence zaps a wand.
The roots erupt in riotous growth!
The grasping roots grab you!
The goblin is unaffected.
The grasping roots constrict you.
* * * LOW HITPOINT WARNING * * *
Unknown command.
You closely miss the goblin.
The goblin is severely wounded.
The goblin hits you but does no damage. The grasping roots constrict you.
* * * LOW HITPOINT WARNING * * *
The grasping roots release their grip on you.
Unknown command.
You closely miss the goblin.
The goblin is severely wounded.
The goblin completely misses you.
Terence shouts, "DIE!!!"
Terence hits you but does no damage. The goblin hits you with a +0 dagger.
* * * LOW HITPOINT WARNING * * *
Terence zaps a wand.
The roots erupt in riotous growth!
The grasping roots grab you!
The goblin is unaffected.
Terence is unaffected.
The grasping roots constrict you.
* * * LOW HITPOINT WARNING * * *
Unknown command.
You escape the roots grasp.
The goblin hits you with a +0 dagger.
* * * LOW HITPOINT WARNING * * *
Unknown command.
You aren't carrying any potions.
Unknown command.
You hit the goblin.
You kill the goblin!
The bat barely misses you.
Terence zaps a wand.
The roots erupt in riotous growth!
The grasping roots grab you! The grasping roots constrict you.
You die...

#. ##................ ... .....
........... ....#####..#
#..........
#........#..####..#.....#.
......#......#.........#. .
.#.##...†..@.....÷....... ##.
#..#####b@......#..##...# #..
#.##.....##.........)..##
#.###.##....@.)..............
#.##.........#####.....###..#
#.#....#...### #...#.###...
#####........### #...........
.....).#..#### #...........
.......#.## ###########.........
...####..#####...................
..........)....########..........
..........###### ##.#........


You could see Terence and a bat.

Vanquished Creatures
  Jessica (D:2)
  A worm (D:2)
  6 ball pythons
  7 bats
  4 endoplasms
  A giant cockroach (D:1)
  3 hobgoblins
  4 jackals
  8 kobolds
  3 quokkas
  2 frilled lizards (D:1)
  5 goblins
  2 rats (D:1)
47 creatures vanquished.

Notes
Turn   | Place    | Note
-------+----------+-------------------------------------------
     0 | D:1      | mopl the Ogre Gladiator began the quest for the Orb.
     0 | D:1      | Reached XP level 1. HP: 22/22 MP: 1/1
   130 | D:1      | Reached skill level 3 in Maces & Flails
   130 | D:1      | Reached XP level 2. HP: 16/29 MP: 2/2
   526 | D:1      | Reached XP level 3. HP: 34/36 MP: 3/3
   914 | D:2      | Noticed Jessica
   919 | D:2      | Killed Jessica
   920 | D:2      | Reached skill level 4 in Maces & Flails
   920 | D:2      | Reached XP level 4. HP: 36/44 MP: 4/4
   971 | D:2      | Reached skill level 3 in Throwing
   989 | D:2      | Noticed Terence
  1006 | D:2      | Constricted to death by Terence

Illustrated notes

Levels and vault maps discovered:
D:1:      eino_arrival_water_cross, layout_basic
D:2:      layout_rooms, hellmonk_ecumenical_altar_arch_garden, uniq_terence,
          uniq_jessica

Skill      XL: |  1  2  3  4 |
---------------+-------------+-----
Maces & Flails | 3 4 |  4.1
Throwing       | 3 |  3.0
Fighting       | |  2.6
Dodging        | |  2.6

Action                     |  1- 3 |  4- 6 || total
---------------------------+-------+-------++-------
  Melee: Flail             |   162 |    28 ||   190
         Punch             |     1 |       ||     1
 Armour: Robe              |    72 |     6 ||    78
  Dodge: Dodged            |   167 |    14 ||   181

Table legend: (Time is in decaauts)
 A = Elapsed time spent in this place.
 B = Non-inter-level travel time spent in this place.
 C = Inter-level travel time spent in this place.
 D = Time resting spent in this place.
 E = Time spent auto-exploring this place.
 F = Levels seen in this place.
 G = Mean time per level.
                   A        B        C        D        E       F      G
               +--------+--------+--------+--------+--------+-----+--------+
         Total |   1048 |   1047 |      1 |    237 |    424 |   2 |  524.0 |
       Dungeon |   1048 |   1047 |      1 |    237 |    424 |   2 |  524.0 |
               +--------+--------+--------+--------+--------+-----+--------+

Top non-repeatable levels by time:
     D:1: 670 daAuts
     D:2: 377 daAuts
